 Dungeon Crawl Stone Soup version 0.29-a0-284-gf9362112df (webtiles) character file.

Game seed: 3534803446538650845

326 Cecur the Caller (level 6, -2/37 HPs)
             Began as an Octopode Summoner on Mar 16, 2022.
             Slain by a goblin
             ... wielding a +0 dagger
             ... led by Robin
              (6 damage)
             ... on level 3 of the Dungeon.
             The game lasted 00:07:20 (4198 turns).

Cecur the Caller (Octopode Summoner)                Turns: 4198, Time: 00:07:21

Health: -2/37      AC:  1    Str:  7    XL:     6   Next: 49%
Magic:  5/11       EV: 13    Int: 20    God:
Gold:   105        SH:  0    Dex: 12    Spells: 6/12 levels left

rFire   . . .      SeeInvis .     - Unarmed
rCold   . . .      Faith    .   (no shield)
rNeg    . . .      Spirit   .   (helmet restricted)
rPois   .          Reflect  .   (no amulet)
rElec   .          Harm     .   (no ring)
rCorr   .          Rampage  .   (no ring)
Will    .....                   (no ring)
Stlth   +++.......              (no ring)
HPRegen 0.12/turn               (no ring)
MPRegen 0.12/turn               (no ring)
                                (no ring)
                                (no ring)

@: no status effects
A: almost no armour, amphibious, 8 rings, camouflage 1, gelatinous body 1,
(nimble swimmer 1), tentacles
a: no special abilities


You were on level 3 of the Dungeon.
You visited 1 branch of the dungeon, and saw 4 of its levels.

You collected 105 gold pieces.

Inventory:

Scrolls
 c - a scroll of noise {unknown}
 d - 2 scrolls of identify {unknown}
 h - a scroll of enchant weapon {unknown}
 i - a scroll of amnesia {unknown}
 j - a scroll of blinking {unknown}
 m - a scroll of teleportation {unknown}
 n - a scroll of brand weapon {unknown}
 q - a scroll of vulnerability {unknown}
Potions
 a - a potion of magic
 b - a potion of curing {unknown}
 e - a potion of might {unknown}
 f - a potion of ambrosia {unknown}
 g - a potion of resistance {unknown}
 k - a potion of mutation {unknown}
 l - a potion of degeneration {unknown}
 o - a potion of cancellation {unknown}
 p - a potion of invisibility {unknown}
 r - a potion of attraction {unknown}


   Skills:
 + Level 0.6 Fighting
 + Level 2.8 Dodging
 + Level 3.7 Stealth
 + Level 1.5 Unarmed Combat
 + Level 3.7 Spellcasting
 + Level 5.6 Summonings


You had 6 spell levels left.
You knew the following spells:

 Your Spells              Type           Power      Damage    Failure   Level
a - Summon Small Mammal   Summ           100%       N/A       1%          1
b - Call Imp              Summ           26%        N/A       1%          2
c - Call Canine Familiar  Summ           26%        N/A       4%          3

Your spell library contained the following spells:

 Spells                   Type           Power      Damage    Failure   Level
 Magic Dart               Conj           12%        1d3       13%         1
 Summon Guardian Golem    Hex/Summ       14%        N/A       13%         3
 Mephitic Cloud           Conj/Pois/Air  3%         N/A       36%         3
 Summon Lightning Spire   Summ/Air       14%        N/A       38%         4


Dungeon Overview and Level Annotations

Branches:
Dungeon (4/15)
 Temple: D:4-7

Altars:
Fedhas

Shops:
D:1 *(!*   D:2 [*=[

Annotations:
D:4 Robin


Innate Abilities, Weirdness & Mutations

You cannot wear most types of armour.
You are amphibious.
You can wear up to eight rings at the same time.
Your skin changes colour to match your surroundings (Stealth+).
Your rubbery body absorbs attacks. (AC +1, EV +1)
((You are camouflaged when in or above water. (Stealth+)))
You have tentacles for arms and can constrict up to eight enemies at once.


Message History

Casting: Call Canine Familiar (dangerous; 4% risk of failure)
Confirm with . or Enter, or press ? or * to list all spells.
The hobgoblin shouts!
The goblin shouts! x4
The ball python barely misses your hound.
The ball python misses your hound. The hobgoblin misses you.
Robin throws the goblin at you!
Casting: Call Canine Familiar (dangerous; 4% risk of failure)
Confirm with . or Enter, or press ? or * to list all spells.
A beastly little devil appears in a puff of flame.
The ball python barely misses your hound.
The ball python misses your hound.
Your hound barely misses the ball python.
The goblin closely misses you. The goblin hits you but does no damage.
The hobgoblin closely misses you.
Robin says, "Duck!"
Robin roars a battlecry!
The goblins go into a battle-frenzy!
The ball python closely misses your hound.
The ball python barely misses your hound.
Your hound closely misses the ball python.
The goblin hits you with a +0 dagger. The goblin closely misses you.
The hobgoblin barely misses you. The goblin misses you.
The goblin hits you with a +0 club. The ball python misses your hound.
The ball python barely misses your hound.
Your hound bites the ball python.
Your hound misses the ball python. The goblin barely misses you.
The hobgoblin closely misses you. The goblin hits you with a +0 club. x2
* * * LOW HITPOINT WARNING * * *
The goblin hits you with a +0 dagger.
* * * LOW HITPOINT WARNING * * *
The ball python misses your hound. The ball python grabs your hound.
The ball python constricts your hound.
Your quokka barely misses the goblin.
Your crimson imp hits the goblin.
You climb upwards.
Your summoned allies are left behind.
There is a stone staircase leading down here.
You completely miss the goblin. Your grab misses the goblin.
The goblin hits you but does no damage.
The hobgoblin hits you but does no damage.
The goblin hits you with a +0 dagger.
You die...

#.......##.......##
#
##.#####.#.#.#####
# ##.# ##.##.# #
#..# #.##.# # #.##
#.##.######## # #.#
#.##......[.# # #.#
####.#########.###
#.# #ggg.# #..##
#.# #@#### ##.##
#.# #g# #.# #.# #g#
#.# #.# #.# #.#
#.####.# #.#
#......# ###
######.# #.# ♣♣♣♣
#.# ♣♣...


You could see a hobgoblin (strong) and 4 goblins.

Vanquished Creatures
  3 gnolls (D:3)
  2 adders (D:3)
  A worm (D:2)
  An orc (D:3)
  3 ball pythons
  A bat (D:1)
  4 endoplasms
  A giant cockroach (D:3)
  3 goblins
  6 hobgoblins
  2 quokkas
  6 kobolds
  3 rats
36 creatures vanquished.

Vanquished Creatures (collateral kills)
  Sigmund (D:2)
  A gnoll (D:3)
  2 adders (D:2)
  3 worms (D:2)
  A dart slug (D:1)
  3 ball pythons
  3 bats
  3 endoplasms
  A goblin (D:2)
  2 hobgoblins
  A quokka (D:1)
  2 frilled lizards
  2 kobolds
  5 rats
30 creatures vanquished.

Vanquished Creatures (others)
  15 plants (D:3)
15 creatures vanquished.

Grand Total: 81 creatures vanquished

Notes
Turn   | Place    | Note
-------+----------+-------------------------------------------
     0 | D:1      | Cecur the Octopode Summoner began the quest for the Orb.
     0 | D:1      | Reached XP level 1. HP: 11/11 MP: 3/3
   103 | D:1      | Found Qampoll's Antique Weapon Shop.
   184 | D:1      | Reached XP level 2. HP: 13/17 MP: 1/5
   285 | D:1      | Found Asixzuy's General Store.
   424 | D:1      | Found Zeanety's Distillery.
   540 | D:1      | Found Tisexuv's General Store.
   750 | D:1      | Reached XP level 3. HP: 19/21 MP: 4/6
  1310 | D:2      | Found Zoerux's General Store.
  1563 | D:2      | Found Meys's Jewellery Shop.
  1568 | D:2      | Found Ipecsid's Antique Armour Shop.
  2143 | D:2      | Noticed Sigmund
  2148 | D:2      | Learned a level 2 spell: Call Imp
  2152 | D:2      | Learned a level 3 spell: Call Canine Familiar
  2190 | D:2      | HP: 1/21 [something (5)]
  2192 | D:2      | Killed Sigmund
  2193 | D:2      | Reached skill level 1 in Unarmed Combat
  2193 | D:2      | Reached skill level 5 in Summonings
  2193 | D:2      | Reached XP level 4. HP: 2/27 MP: 2/9
  2193 | D:2      | Reached XP level 5. HP: 3/32 MP: 2/10
  2193 | D:2      | Reached XP level 6. HP: 3/37 MP: 2/11
  2471 | D:2      | Found Zenos's Armour Boutique.
  3916 | D:3      | Found a blossoming altar of Fedhas.
  4192 | D:4      | Noticed Robin
  4198 | D:3      | Slain by a goblin

Illustrated notes

Levels and vault maps discovered:
D:1:      dpeg_arrival_three_bigger_balls, layout_basic, serial_shops,
          nicolae_shop_advertising_works [nicolae_subvault_shop_adworks], shop,
          nicolae_shop_statue_plus, shop
D:2:      layout_basic, serial_shops, shop, nicolae_diamond_shop,
          nicolae_shop_behind_doors, shop, chequers_serial_rivers_room_a,
          dreamdust_mushroom_princess, roderic_roman_lattice, hex_tiny,
          uniq_sigmund
D:3:      layout_loops_ring, fedhas_altar_fruit_tree, nicolae_grassy_gnolls
D:4:      layout_rooms, mainiacjoe_overflow_surrounded_room,
          chequers_ossuary_entry_cave, fountainhead,
          nicolae_elevator_lobby_asterisk, uniq_robin, uniq_crazy_yiuf_cottage

Skill      XL: |  1  2  3 |
---------------+----------+-----
Stealth        | 3 |  3.7
Unarmed Combat | 1 |  1.5
Spellcasting   | 3 |  3.7
Summonings     | 5 |  5.6
Fighting       | |  0.6
Dodging        | |  2.8

Action                   |  1- 3 |  4- 6 || total
-------------------------+-------+-------++-------
Melee: Unarmed           |    60 |    45 ||   105
       Tentacles         |    16 |    13 ||    29
       Constrict         |    16 |    16 ||    32
       Punch             |     1 |     1 ||     2
 Cast: Summon Small Mamm |    53 |    36 ||    89
       Call Canine Famil |     1 |     5 ||     6
       Call Imp          |     1 |     2 ||     3
 Stab: Distracted        |     1 |     1 ||     2
       Sleeping          |       |     4 ||     4
Armor: Skin              |    10 |     3 ||    13
Dodge: Dodged            |    72 |    46 ||   118

Table legend: (Time is in decaauts)
 A = Elapsed time spent in this place.
 B = Non-inter-level travel time spent in this place.
 C = Inter-level travel time spent in this place.
 D = Time resting spent in this place.
 E = Time spent auto-exploring this place.
 F = Levels seen in this place.
 G = Mean time per level.
                   A        B        C        D        E       F      G
               +--------+--------+--------+--------+--------+-----+--------+
         Total |   4198 |   4021 |    177 |      6 |   3288 |   4 | 1049.5 |
       Dungeon |   4198 |   4021 |    177 |      6 |   3288 |   4 | 1049.5 |
               +--------+--------+--------+--------+--------+-----+--------+

Top non-repeatable levels by time:
     D:2: 2045 daAuts
     D:1: 1111 daAuts
     D:3: 1021 daAuts
     D:4: 19 daAuts
